 Dungeon Crawl Stone Soup version 0.27-a0-1565-gad902ab807 (webtiles) character file.

Game seed: 4361271779026306195

135 ezpacito the Skirmisher (level 4, 0/37 HPs)
             Began as a Demonspawn Abyssal Knight on July 16, 2021.
             Was a Follower of Lugonu.
             Succumbed to Sigmund's poison
             ... on level 2 of the Dungeon.
             The game lasted 00:02:11 (2503 turns).

ezpacito the Skirmisher (Demonspawn Abyssal Knight) Turns: 2503, Time: 00:02:12

Health: 0/37       AC:  8    Str: 12    XL:     4   Next: 97%
Magic:  6/6        EV:  5    Int: 14    God:    Lugonu [*.....]
Gold:   49         SH:  0    Dex: 13    Spells: 5/5 levels left

rFire    . . .     SeeInvis .   a - +1 hand axe
rCold    . . .     Faith    .   (no shield)
rNeg     . . .     Spirit   .   h - +0 chain mail
rPois    .         Reflect  .   (no helmet)
rElec    .         Harm     .   (no cloak)
rCorr    .         Rampage  .   (no gloves)
Will     .....                  (no boots)
Stlth    ..........             (no amulet)
HPRegen  0.12/turn              (no ring)
MPRegen  0.10/turn              (no ring)

@: lethally poisoned (0 -> -3)
A: claws 2
a: Renounce Religion, Depart the Abyss


You were on level 2 of the Dungeon.
You worshipped Lugonu.
Lugonu was aware of your devotion.
You visited 1 branch of the dungeon, and saw 2 of its levels.
You visited the Abyss 1 time.

You collected 49 gold pieces.

Inventory:

Hand Weapons
 a - a +1 hand axe (weapon)
Missiles
 b - 4 atropa-tipped darts
Armour
 h - a +0 chain mail (worn)
Scrolls
 c - a scroll of identify
 d - a scroll of enchant armour


   Skills:
 + Level 3.9 Fighting
 + Level 2.7 Axes
 + Level 2.6 Armour
 + Level 1.5 Dodging
 + Level 1.0 Spellcasting
 + Level 3.1 Invocations


You had 5 spell levels left.
You didn't know any spells.
Your spell library contained the following spells:

 Spells                   Type           Power      Damage    Failure   Level
 Magic Dart               Conj           0%         1d3       100%        1
 Shock                    Conj/Air       0%         1d3       100%        1
 Searing Ray              Conj           0%         3d3       100%        2
 Swiftness                Air            0%         N/A       100%        3
 Airstrike                Air            0%         N/A       100%        4
 Fulminant Prism          Conj/Hex       0%         3d6       100%        4


Dungeon Overview and Level Annotations

Branches:
Dungeon (2/15)

Altars:

Annotations:
D:2 Sigmund, Terence


Innate Abilities, Weirdness & Mutations

You have very sharp fingernails.


Message History

Terence shouts, "Get ready for death!"
Sigmund screams, "Only death can liberate you!"
You bump into the rock wall.
Sigmund says, "You will soon forget everything."
Sigmund hits you from afar with a +0 scythe of venom.
Sigmund gestures at you while chanting. The puff of flame hits you!
You feel less confused.
You aren't carrying any potions.
As you read the scroll labelled MOOZIRA DEOL, it crumbles to dust.
It is a scroll of identify.
d - a scroll of enchant armour
Okay, then.
As you read the scroll labelled NISEEM CIMOURPH, it crumbles to dust.
You feel aware of your surroundings.
It was a scroll of magic mapping.
Terence barely misses you. Sigmund completely misses you.
As you read the scroll labelled DENUHYACIE, it crumbles to dust.
It is a scroll of amnesia.
You feel forgetful for a moment.
Terence hits you with a +3 flail of protection.
Sigmund hits you from afar with a +0 scythe of venom.
* * * LOW HITPOINT WARNING * * *
You are lethally poisoned!
You don't have any unidentified items.
Okay, then.
You aren't carrying any potions.
* * * LOW HITPOINT WARNING * * *
You feel very sick.
* * * LOW HITPOINT WARNING * * *
You feel sick.
Sigmund casts a spell.
Sigmund flickers and vanishes!
Deactivating autopickup; reactivate with Ctrl-A.
* * * LOW HITPOINT WARNING * * *
You feel sick.
* * * LOW HITPOINT WARNING * * *
You feel sick.
* * * LOW HITPOINT WARNING * * *
You feel sick.
You die...

,,+,,,,#.# *,*,,,,* #
,,***#,#.##### *.#,,,.##########
,,* #.#.#...# *.#,,,..........#
,.####.#.#...####.#,,,.########.#
,........'...'.....,,,,,.........
*,.....#@#...####.#,,,,########.#
**###**#.#...# *.#,...# #.#
*#######.########.#....########.#
,.............@.@................
*#######.########.###.#.#######.#
#)..# #.# #.#.# #.# #...#
#.###.#.# #.. #...# #.....#'####
###
#######...########.(.......######
.......#.....................†...
######.#####...###.........######
...# #.....'...............# #


You could see Terence.

Vanquished Creatures
  A necrophage (D:2)
  An adder (D:2)
  A worm (D:2)
  4 ball pythons (D:1)
  3 bats (D:1)
  2 endoplasms (D:1)
  4 giant cockroaches (D:1)
  2 goblins
  6 hobgoblins
  A quokka (D:1)
  A frilled lizard (D:2)
  2 kobolds (D:1)
  5 rats
33 creatures vanquished.

Notes
Turn   | Place    | Note
-------+----------+-------------------------------------------
     0 | Abyss:1  | ezpacito the Demonspawn Abyssal Knight began the quest for
                  | the Orb.
     0 | Abyss:1  | Reached XP level 1. HP: 18/18 MP: 2/2
    20 | Abyss:1  | Noticed a smoke demon
    22 | D:1      | Escaped the Abyss
   238 | D:1      | Noticed a black mamba
   565 | D:1      | Gained mutation: You have sharp fingernails. [demonic
                  | ancestry]
   565 | D:1      | Reached XP level 2. HP: 15/24 MP: 3/3
   752 | D:1      | Noticed a black mamba
   923 | D:1      | Found a faded altar of an unknown god.
  1862 | D:2      | Reached XP level 3. HP: 22/29 MP: 4/4
  2038 | D:2      | Reached skill level 1 in Dodging
  2365 | D:2      | Noticed a necrophage
  2390 | D:2      | Killed a necrophage
  2391 | D:2      | Reached skill level 1 in Spellcasting
  2391 | D:2      | Gained mutation: You have very sharp fingernails. [demonic
                  | ancestry]
  2391 | D:2      | Reached XP level 4. HP: 27/37 MP: 4/6
  2487 | D:2      | Noticed Terence
  2487 | D:2      | Noticed Sigmund
  2502 | D:2      | HP: 1/37 [poisoned by Sigmund]
  2503 | D:2      | Succumbed to Sigmund's poison

Illustrated notes

Levels and vault maps discovered:
D:1:      sevenhm_arrival_forest_fort_small_2, layout_loops_corners,
          ebering_ecumenical_altar_ruins
D:2:      layout_basic, uniq_terence, uniq_sigmund

Skill      XL: |  1  2  3 |
---------------+----------+-----
Armour         | 2 |  2.6
Axes           | 2 |  2.7
Dodging        | 1 |  1.5
Spellcasting   | 1 |  1.0
Invocations    | 3 |  3.1
Fighting       | |  3.9

Action                   |  1- 3 |  4- 6 || total
-------------------------+-------+-------++-------
Melee: Hand axe          |   124 |       ||   124
  Use: Potion            |     1 |       ||     1
       Scroll            |       |     3 ||     3
Armor: Leather armour    |    18 |       ||    18
       Chain mail        |    45 |       ||    45
Dodge: Dodged            |    54 |     2 ||    56

Table legend: (Time is in decaauts)
 A = Elapsed time spent in this place.
 B = Non-inter-level travel time spent in this place.
 C = Inter-level travel time spent in this place.
 D = Time resting spent in this place.
 E = Time spent auto-exploring this place.
 F = Levels seen in this place.
 G = Mean time per level.
                   A        B        C        D        E       F      G
               +--------+--------+--------+--------+--------+-----+--------+
         Total |   2528 |   2437 |     91 |    167 |   1972 |   3 |  842.7 |
       Dungeon |   2506 |   2415 |     91 |    167 |   1952 |   2 | 1253.0 |
         Abyss |     22 |     22 |      0 |      0 |     20 |   1 |   22.0 |
               +--------+--------+--------+--------+--------+-----+--------+

Top non-repeatable levels by time:
     D:1: 1830 daAuts
     D:2: 676 daAuts
 Abyss:1: 22 daAuts
